 Dungeon Crawl Stone Soup version 0.25.1-2-g60ff931df9 (webtiles) character file.

Game seed: 14038283871366290693

488 Acheron the Charlatan (level 7, 0/40 HPs)
             Began as a Kobold Artificer on Sept 5, 2020.
             Was an Initiate of Okawaru.
             Slain by an iguana (10 damage)
             ... in the Ecumenical Temple.
             The game lasted 00:23:02 (3770 turns).

Acheron the Charlatan (Kobold Artificer)            Turns: 3770, Time: 00:23:02

Health: 0/40       AC:  7    Str: 11    XL:     7   Next: 36%
Magic:  11/11      EV: 12    Int: 13    God:    Okawaru [......]
Gold:   112        SH:  0    Dex: 15    Spells: 7/9 levels left

rFire    . . .     SeeInvis .   a - +1 short sword
rCold    . . .     Gourm    .   (shield restricted)
rNeg     . . .     Faith    .   o - +1 scale mail
rPois    .         Spirit   .   (no helmet)
rElec    .         Reflect  .   (no cloak)
rCorr    .         Harm     .   (no gloves)
MR       .....                  (no boots)
Stlth    +.........             (no amulet)
HPRegen  0.13/turn              (no ring)
MPRegen  0.12/turn              (no ring)

@: no status effects
A: small, carnivore
a: Renounce Religion


You were in the Ecumenical Temple.
You worshipped Okawaru.
Okawaru was noncommittal.
You were very full.

You visited 2 branches of the dungeon, and saw 7 of its levels.

You collected 112 gold pieces.

Inventory:

Hand Weapons
 a - a +1 short sword (weapon)
 h - a +0 quarterstaff of speed
 n - a +0 long sword
 p - a +0 flail
Missiles
 j - 81 sling bullets
 m - 7 javelins
 q - 11 stones (quivered)
Armour
 b - a +0 leather armour
 o - a +1 scale mail (worn)
 r - a +1 robe of fire resistance
Wands
 c - a wand of flame (4)
 d - a wand of enslavement (12)
 e - a wand of random effects (5)
 k - a wand of iceblast (3)
Scrolls
 g - a scroll of enchant armour
 i - a scroll of blinking {unknown}
 l - a scroll of remove curse
Potions
 s - a potion of might {unknown}
 t - a potion of lignification {unknown}
Comestibles
 f - 5 rations


   Skills:
 * Level 2.1 Fighting
 * Level 4.3 Short Blades
 * Level 2.3 Throwing
 * Level 1.6 Armour
 * Level 3.7 Dodging
 * Level 3.2 Stealth
 * Level 1.7 Spellcasting
 * Level 0.1 Invocations
 * Level 5.3 Evocations


You had 7 spell levels left.
You knew the following spells:

 Your Spells              Type           Power        Failure   Level  Hunger
a - Pain                  Necr           #...         83%         1    ##.....
b - Animate Skeleton      Necr           N/A          83%         1    ##.....

Your spell library contained the following spells:

 Spells                   Type           Power        Failure   Level  Hunger
 Corona                   Hex            #......      83%         1    ##.....
 Ensorcelled Hibernation  Hex/Ice        #.....       93%         2    ###....
 Confusing Touch          Hex            #.......     99%         3    ####...
 Dazzling Flash           Conj/Hex       #.....       99%         3    ####...
 Tukima's Dance           Hex            #.......     99%         3    ####...


Dungeon Overview and Level Annotations

Branches:
Dungeon (6/15)             Temple (1/1) D:4

Altars:
Ashenzari
Elyvilon
Gozag
Makhleb
Okawaru
Sif Muna
Trog
Uskayaw
Wu Jian
Zin
The Shining One

Shops:
D:5 }

Annotations:
D:3 Grinder
D:5 Edmund
D:6 exclusion: upstairs


Innate Abilities, Weirdness & Mutations

You are small and have problems with some larger weapons.
You are carnivorous and can eat meat at any time.


Message History

The iguana is almost dead.
The iguana bites you.
You hit the iguana but do no damage.
The iguana is almost dead.
The iguana bites you!
* * * LOW HITPOINT WARNING * * *
You closely miss the iguana.
The iguana is severely wounded.
The iguana misses you.
You hit the iguana but do no damage.
The iguana is severely wounded.
The iguana bites you.
* * * LOW HITPOINT WARNING * * *
Evoke which item? (* to show all) (? for menu, Esc to quit)
Aiming: Throw Flame
Press: ? - help, Shift-Dir - straight line The puff of flame hits the iguana.
The iguana is almost dead.
The iguana bites you!
You die...

## ..# _. #####
._. ..# #... #..
#.# #._. #.# #.#
...##.#
#.##.##@# .
#.#.#l## .
#...##...##...#
.._....<...._...
#...##...##...##
.# #.#.#.# ##.#
#.##.##.# #.#
... #.# #.# ._.
#.#


You could see an iguana.

Vanquished Creatures
  Blork the orc (D:6)
  An ogre (D:6)
  A bullfrog zombie (D:6)
  A hound (D:6)
  Jessica (D:2)
  2 worker ants
  A howler monkey zombie (D:5)
  3 gnolls (D:2)
  3 adders
  A shadow imp (D:4)
  2 dart slugs
  2 leopard geckos
  4 orcs
  A bat (D:2)
  3 giant cockroaches
  4 goblins
  5 hobgoblins
  2 jackals (D:2)
  2 quokkas (D:2)
  3 frilled lizards
  10 kobolds
  3 rats
56 creatures vanquished.

Vanquished Creatures (collateral kills)
  A jelly (D:6)
  An adder (D:6)
2 creatures vanquished.

Vanquished Creatures (others)
  An adder (D:2)
  4 toadstools (D:1)
5 creatures vanquished.

Grand Total: 63 creatures vanquished

Notes
Turn   | Place    | Note
-------+----------+-------------------------------------------
     0 | D:1      | Acheron the Kobold Artificer began the quest for the Orb.
     0 | D:1      | Reached XP level 1. HP: 12/12 MP: 3/3
   113 | D:1      | Reached skill level 1 in Throwing
   113 | D:1      | Reached XP level 2. HP: 14/16 MP: 4/4
   214 | D:1      | Reached skill level 4 in Evocations
   516 | D:2      | Reached XP level 3. HP: 20/20 MP: 6/6
   570 | D:2      | Reached XP level 4. HP: 12/25 MP: 7/7
  1572 | D:2      | HP: 1/25 [poisoned by an adder]
  1924 | D:2      | Noticed Jessica
  1932 | D:2      | Killed Jessica
  1932 | D:2      | Reached skill level 1 in Spellcasting
  1932 | D:2      | Reached XP level 5. HP: 29/29 MP: 8/8
  1962 | D:2      | Identified Jessica's Compendium of Stolen Souls
  2088 | D:2      | Found a shattered altar of Ashenzari.
  2190 | D:3      | Learned a level 1 spell: Pain
  2192 | D:3      | Learned a level 1 spell: Animate Skeleton
  2234 | D:3      | Noticed Grinder
  2262 | D:5      | Entered Level 5 of the Dungeon
  2262 | D:5      | Found Geopuoff's Gadget Emporium.
  2275 | D:5      | Noticed an ogre
  2427 | D:6      | Noticed Blork the orc
  2507 | D:6      | Reached skill level 1 in Armour
  2608 | D:6      | Noticed an ogre
  2613 | D:6      | Killed an ogre
  2613 | D:6      | Reached XP level 6. HP: 5/35 MP: 9/9
  2912 | D:6      | Killed Blork the orc
  2949 | D:6      | Found an iron altar of Okawaru.
  2957 | D:6      | Became a worshipper of Warmaster Okawaru
  2976 | D:6      | Reached XP level 7. HP: 27/40 MP: 10/10
  2994 | D:6      | Reached skill level 5 in Evocations
  3182 | D:5      | Noticed Edmund
  3274 | D:4      | Found a shattered altar of Ashenzari.
  3719 | D:4      | Found a bloodstained altar of Trog.
  3744 | D:4      | Found a staircase to the Ecumenical Temple.
  3752 | Temple   | Entered the Ecumenical Temple
  3770 | Temple   | Slain by an iguana

Illustrated notes

Levels and vault maps discovered:
D:1:      ldierk_walled_garden_2, layout_loops_ring
D:2:      layout_basic, ashenzari_altar_1, kennysheep_jessica_study
D:3:      layout_basic, yredelemnul_forgotten_temple_becter, uniq_terence,
          uniq_grinder
D:4:      layout_loops_cross, kennysheep_mini, lemuel_round_altar, bloody_trog,
          minmay_temple_entry_offerings, lemuel_statue_altar
D:5:      layout_rooms, first_ration, serial_shops, shop_fountains, uniq_edmund
D:6:      minmay_clustersquares, layout_basic, regret_index_temple_of_mockery,
          nicolae_qazlal_eye_of_the_storm, basic_altar, st_stairs_6,
          led_sif_pool, uniq_maggie, uniq_menkaure, uniq_blork_the_orc
Temple:   eino_narrow_crystal_temple

Skill      XL: |  1  2  3  4  5  6  7 |
---------------+----------------------+-----
Throwing       | 1 2 |  2.3
Evocations     | 4 5 |  5.3
Short Blades   | 2 3 4 |  4.3
Stealth        | 2 3 |  3.2
Spellcasting   | 1 |  1.7
Dodging        | 3 |  3.7
Armour         | 1 |  1.6
Fighting       | 2 |  2.1
Invocations    | |  0.1

Action                   |  1- 3 |  4- 6 |  7- 9 || total
-------------------------+-------+-------+-------++-------
Melee: Short sword       |    66 |   147 |    86 ||   299
Throw: Stone             |       |     5 |       ||     5
 Cast: Animate Skeleton  |       |     1 |       ||     1
Evoke: Wand              |     3 |    20 |     5 ||    28
  Use: Scroll            |       |     8 |     1 ||     9
  Eat: Chunk             |     1 |    14 |     2 ||    17
Armor: Leather armour    |     8 |       |       ||     8
       Scale mail        |     2 |    52 |    27 ||    81
Dodge: Dodged            |    39 |    77 |    56 ||   172
